 Dungeon Crawl Stone Soup version 0.24.1 (webtiles) character file.

Game seed: 14567586899958606484, levelgen mode: deterministic

389 Destapler the Ruffian (level 6, -12/61 HPs)
             Began as a Troll Berserker on Mar 26, 2020.
             Was a Believer of Trog.
             Mangled by a two-headed ogre
             ... wielding a +0 giant club
              (19 damage)
             ... on level 4 of the Dungeon.
             The game lasted 00:06:21 (2636 turns).

Destapler the Ruffian (Troll Berserker)             Turns: 2636, Time: 00:06:22

Health: -12/61     AC:  6    Str: 29    XL:     6   Next: 49%
Magic:  5/5        EV: 10    Int:  6    God:    Trog [**....]
Gold:   159        SH:  0    Dex:  7    Spells: 5/5 levels left

rFire    + . .     SeeInvis +     - Unarmed
rCold    . . .     Gourm    +   (no shield)
rNeg     . . .     Faith    .   a - +0 animal skin
rPois    .         Spirit   .   (helmet restricted)
rElec    .         Reflect  .   (no cloak)
rCorr    .         Harm     .   (gloves unavailable)
MR       .....                  (boots unavailable)
Stlth    +.........             c - amulet of regeneration
HPRegen  1.00/turn              o - ring of protection from fire
MPRegen  0.09/turn              k - ring of see invisible

@: no status effects
A: large, unfitting armour, claws 3, talons 1, clever 1, clumsy 1, fast
metabolism 3, gourmand, regeneration 1, shaggy fur 1, strong 1, tough skin 3
a: Berserk, Trog's Hand, Renounce Religion


You were on level 4 of the Dungeon.
You worshipped Trog.
Trog was pleased with you.
You were completely stuffed.

You visited 1 branch of the dungeon, and saw 4 of its levels.

You collected 159 gold pieces.

Inventory:

Missiles
 g - 84 stones (quivered)
 h - 27 poisoned darts
 p - 2 boomerangs
Armour
 a - a +0 animal skin (worn)
Jewellery
 c - an amulet of regeneration (around neck)
 k - a ring of see invisible (right claw)
 o - a ring of protection from fire (left claw)
Wands
 r - a wand of iceblast (3)
Scrolls
 d - a scroll of random uselessness {unknown}
 i - 3 scrolls of enchant weapon {unknown}
 j - 4 scrolls of identify {unknown}
 l - a scroll of fog {unknown}
 m - a scroll of magic mapping {unknown}
 q - a scroll of remove curse {unknown}
Potions
 e - a potion of brilliance {unknown}
 n - a potion of agility {unknown}
 s - a potion of magic {unknown}
 t - a potion of cancellation {unknown}
 u - a potion of heal wounds {unknown}
Comestibles
 b - 8 rations


   Skills:
 + Level 3.5 Fighting
 - Level 2.4 Dodging
 + Level 6.7 Unarmed Combat


You had 5 spell levels left.
You didn't know any spells.
Your spell library was empty.

Dungeon Overview and Level Annotations

Branches:
Dungeon (4/15)             Temple (0/1) D:4

Altars:
Ashenzari
Cheibriados
Dithmenos
Kikubaaqudgha

Annotations:
D:3 3 runed translucent doors, viiviliisa's ghost, amateur MiFi


Innate Abilities, Weirdness & Mutations

You are too large for most types of armour.
You have claws for hands.
Your metabolism is lightning-fast.
You like to eat raw meat.
Your natural rate of healing is unusually fast.
You are covered in fur. (AC +1)
You have extremely tough skin. (AC +3)
You have sharp toenails.
Your mind is acute. (Int +2)
You are clumsy. (Dex -2)
Your muscles are strong. (Str +2)


Message History

You barely miss the two-headed ogre.
The two-headed ogre is heavily wounded.
The orc closely misses you. The orc barely misses you.
The orc hits you with a +0 dagger.
* * * LOW HITPOINT WARNING * * *
The two-headed ogre closely misses you.
The two-headed ogre hits you with a +0 giant spiked club!
* * * LOW HITPOINT WARNING * * *
Things that are here:
a +0 falchion; an orc corpse It was a potion of mutation.
You feel extremely strange.
Your toenails lengthen and sharpen.
You feel stronger.
You feel clumsy.
You feel clever.
You recover from your berserk rage.
The orc hits you but does no damage. The orc closely misses you.
You mangle the two-headed ogre!! You claw the two-headed ogre.
The two-headed ogre is almost dead.
The two-headed ogre closely misses you.
The two-headed ogre hits you with a +0 giant spiked club!!
You die...

#......#......#....'......
#......#......#....#......
#......#......#....#......
#......#.....####### .....
##+#####.).).##....# ...
##.....##....# ..
#............# .
#........o)..#...
#.......@Ol..'...
###'#####o####... ##..#
.... #...# ....... #...#
..........
#...#...........
###.#.....$.....
############..


You could see a two-headed ogre, 2 orcs and a frilled lizard.

Vanquished Creatures
  Blork the orc (D:4)
  A crimson imp (D:3)
  2 orc wizards (D:3)
  An orc priest (D:3)
  Ijyb (D:3)
  A worker ant (D:4)
  A hound skeleton (D:4)
  2 adders
  5 oozes
  2 worms
  4 dart slugs
  A leopard gecko (D:2)
  15 orcs
  4 goblins
  7 hobgoblins
  2 jackals (D:1)
  6 kobolds
  4 quokkas
  12 bats
  A frilled lizard (D:3)
  6 rats
79 creatures vanquished.

Notes
Turn   | Place    | Note
-------+----------+-------------------------------------------
     0 | D:1      | Destapler the Troll Berserker began the quest for the Orb.
     0 | D:1      | Reached XP level 1. HP: 22/22 MP: 0/0
   181 | D:1      | Reached XP level 2. HP: 29/29 MP: 1/1
   495 | D:1      | Reached XP level 3. HP: 36/36 MP: 2/2
  1163 | D:2      | Reached skill level 4 in Unarmed Combat
  1171 | D:2      | Reached ** piety under Trog
  1580 | D:2      | Found a shattered altar of Ashenzari.
  1680 | D:3      | Reached XP level 4. HP: 45/45 MP: 3/3
  1710 | D:3      | Reached skill level 5 in Unarmed Combat
  1749 | D:3      | Reached XP level 5. HP: 53/53 MP: 4/4
  1825 | D:3      | Found a snail-covered altar of Cheibriados.
  1834 | D:3      | Found a runed translucent gate.
  1834 | D:3      | Found a runed translucent gate.
  1834 | D:3      | Found a runed translucent gate.
  1840 | D:3      | Noticed viiviliisa's ghost (amateur MiFi)
  1840 | D:3      | Identified the cursed +0 short sword "Vuisip" {venom, MP+9
                  | Int+4}
  1871 | D:3      | Found a shadowy altar of Dithmenos.
  1871 | D:3      | Found an ancient bone altar of Kikubaaqudgha.
  2016 | D:3      | Noticed Ijyb
  2030 | D:3      | Killed Ijyb
  2034 | D:3      | Reached skill level 6 in Unarmed Combat
  2406 | D:4      | Found a staircase to the Ecumenical Temple.
  2474 | D:4      | Reached XP level 6. HP: 61/61 MP: 5/5
  2552 | D:4      | Noticed Blork the orc
  2560 | D:4      | Killed Blork the orc
  2624 | D:4      | Noticed a two-headed ogre
  2635 | D:4      | Gained mutation: You have sharp toenails. [potion of
                  | mutation]
  2635 | D:4      | Gained mutation: Your muscles are strong. (Str +2) [potion
                  | of mutation]
  2635 | D:4      | Gained mutation: You are clumsy. (Dex -2) [potion of
                  | mutation]
  2635 | D:4      | Gained mutation: Your mind is acute. (Int +2) [potion of
                  | mutation]
  2636 | D:4      | Mangled by a two-headed ogre

Levels and vault maps discovered:
D:1:      sevenhm_arrival_forest_fort_large_1, layout_basic,
          hangedman_decor_riveting
D:2:      layout_basic, ashenzari_altar_1, first_ration
D:3:      layout_loops_cross, chequers_temple_overflow_statue_of_worship,
          gammafunk_ghost_nasty_kobolds, uniq_ijyb
D:4:      kennysheep_the_goblin_king, layout_gridville,
          minmay_temple_entry_statues_fountains, uniq_blork_the_orc

Skill      XL: |  1  2  3  4  5 |
---------------+----------------+-----
Fighting       | 3 |  3.5
Unarmed Combat | 4 5 6 |  6.7
Dodging        | |  2.4

Action                   |  1- 3 |  4- 6 || total
-------------------------+-------+-------++-------
Melee: Unarmed           |    96 |   115 ||   211
       Punch             |     1 |     1 ||     2
       Kick              |       |     1 ||     1
Invok: Trog's Hand       |       |     2 ||     2
       Berserk           |       |     2 ||     2
  Use: Potion            |       |     1 ||     1
  Eat: Chunk             |    21 |    11 ||    32
Armor: Animal skin       |    49 |    36 ||    85
Dodge: Dodged            |    57 |    53 ||   110
